[Event "*** Titled Tuesday Blitz"]
[Site "Chess.com"]
[Date "2020.12.29"]
[Round "4"]
[White "MarcoCorvi"]
[Black "TengisChess"]
[Result "0-1"]
[WhiteElo "2183"]
[BlackElo "2414"]
[TimeControl "180+1"]
[EndTime "10:37:58 PST"]
[Termination "TengisChess won by resignation"]

1. d4 d5 2. Nf3 Nf6 3. Bf4 c5 4.
e3 e6 5. c3 Bd6 6. Bg3 Qc7 7.
Nbd2 Nbd7 8. Bd3 O-O 9. O-O Bxg3 10. hxg3 e5 11. dxe5 Nxe5 12. Nxe5 Qxe5 13. Nf3 Qe7 14.
Qc2 b6 15. Rad1 Bb7 16. Bf5 Rad8 17. Qa4 g6 18. Bb1 a5 19. Qh4 Kg7 20. g4 Rfe8 21. g5 Ng8 22. Nh2 h6 23. gxh6+ Nxh6 24. Qxe7 Rxe7 25. Nf3 Red7 26. Rd2 d4 27. cxd4 Bxf3 28. gxf3 cxd4 29. Rfd1 f5 30. Rxd4 Rxd4 31. Rxd4 Rxd4 32.
exd4 f4 33. Kf1 Kf6 34. Ke2 g5 35. Kd3 Ke6 36. Ke4 Nf5 37. a3 Nd6+ 38. Kd3 b5 39.
Ba2+ Kf5 40. b4 axb4 41. axb4 g4 42. Bd5 g3 43. fxg3 fxg3 44. Ke2 Kf4 45. Bc6 Nf5 46.
d5 Nd4+ 47. Kf1 Kxf3 48. d6+ Nxc6 0-1

[Event "*** Titled Tuesday Blitz"]
[Site "Chess.com"]
[Date "2020.12.29"]
[Round "4"]
[White "Ave_Mariia"]
[Black "JonahWillow"]
[Result "0-1"]
[WhiteElo "2495"]
[BlackElo "2707"]
[TimeControl "180+1"]
[EndTime "10:38:01 PST"]
[Termination "JonahWillow won by resignation"]

1. d4 Nf6 2. c4 e6 3. g3 c5 4. d5 exd5 5. cxd5 d6 6. Nc3 g6 7.
Bg2 Bg7 8. Nf3 O-O 9. O-O a6 10. a4 Nbd7 11. Bf4 Qc7 12. Nd2 Ng4 13. a5 Re8 14.
Nc4 Nge5 15. Bxe5 Nxe5 16. Nb6 Rb8 17. f4 Ng4 18. Qb3 Bd4+ 19. Kh1 Nf2+ 20. Kg1 Ne4+ 21. Kh1 Nd2 22. Qc2 Nxf1 23. Rxf1 c4 24. e4 Bxb6 25.
axb6 Qxb6 26. Qe2 Qc7 27. e5 dxe5 28. Ne4 Qd8 29. fxe5 Rxe5 30. Qxc4 Bf5 31. Nc5 Qd6 32.
Qd4 Re2 33. b4 b6 34. Nxa6 Rd8 35. b5 Bd7 36. Qd3 Rb2 37. Rb1 Bf5 38. Be4 Bxe4+ 39.
Qxe4 Qxd5 40. Re1 Rb1 0-1

[Event "*** Titled Tuesday Blitz"]
[Site "Chess.com"]
[Date "2020.12.29"]
[Round "4"]
[White "Efremov_Vlad"]
[Black "Yoda1992"]
[Result "0-1"]
[WhiteElo "2267"]
[BlackElo "2501"]
[TimeControl "180+1"]
[EndTime "10:38:01 PST"]
[Termination "Yoda1992 won by resignation"]

1. d4 Nf6 2. c4 e6 3. Nf3 d5 4. Nc3 Be7 5. Bf4 O-O 6. e3 c5 7. dxc5 Bxc5 8. cxd5 Nxd5 9. Nxd5 exd5 10. a3 Nc6 11. Bd3 Re8 12. Bxh7+ Kxh7 13. Qc2+ Kg8 14.
Qxc5 Bg4 15. Nd4 Rc8 16. O-O a6 17. Nxc6 Rxc6 18. Qd4 Re4 19. Qd2 Rec4 20. Rac1 Be6 21. Rxc4 Rxc4 22. b3 Rc6 23. e4 d4 24. Be5 d3 25.
Rd1 Bxb3 26. Rb1 Rc2 27. Qd1 d2 28. Rxb3 Rc1 29. Rb1 Rxb1 0-1

[Event "*** Titled Tuesday Blitz"]
[Site "Chess.com"]
[Date "2020.12.29"]
[Round "4"]
[White "CM_rui"]
[Black "MarcLonoff"]
[Result "1-0"]
[WhiteElo "2345"]
[BlackElo "2161"]
[TimeControl "180+1"]
[EndTime "10:38:01 PST"]
[Termination "CM_rui won on time"]

1. e4 e6 2. d4 d5 3. Nc3 Bb4 4. e5 Ne7 5. a3 Bxc3+ 6. bxc3 c5 7. f4 Qa5 8. Qd2 Nbc6 9. Nf3 Nf5 10. Bb2 h5 11. Bd3 c4 12. Bxf5 exf5 13. a4 Be6 14.
Ng5 O-O-O 15. O-O h4 16. Ba3 Kb8 17. Bd6+ Ka8 18. Rfb1 Rd7 19. Rb5 Qd8 20. a5 a6 21.
Rb6 Rxd6 22. exd6 Qxd6 23. Rab1 Rb8 24. Nf3 Qc7 25. Qc1 Nxa5 26. Qa3 Nc6 27. Ne5 Na7 28. Qa5 h3 29. g3 Bc8 30. Qxd5 1-0

[Event "*** Titled Tuesday Blitz"]
[Site "Chess.com"]
[Date "2020.12.29"]
[Round "4"]
[White "ChronicUnhappiness"]
[Black "AlanZhang"]
[Result "1-0"]
[WhiteElo "2330"]
[BlackElo "2157"]
[TimeControl "180+1"]
[EndTime "10:38:01 PST"]
[Termination "ChronicUnhappiness won by resignation"]

1. d4 Nf6 2. c4 e6 3. Nc3 d5 4. cxd5 exd5 5. Bg5 c6 6. e3 Be7 7. Qc2 O-O 8. Bd3 Nbd7 9. Nf3 Re8 10. O-O h6 11.
Bh4 Ne4 12. Bxe7 Qxe7 13. Nd2 f5 14. Rae1 Ndf6 15. f3 Nxd2 16. Qxd2 Be6 17. a3 c5 18.
dxc5 Qxc5 19. Ne2 Nh5 20. Nd4 f4 21. Bg6 fxe3 22. Rxe3 Bf7 23. Bxh5 Bxh5 24. Rfe1 Bf7 25. b4 Qb6 26. h3 Rxe3 27. Rxe3 Re8 28. Rxe8+ Bxe8 29.
Qe3 Bf7 30. Nf5 Qxe3+ 31. Nxe3 d4 32. Nf5 d3 33. Kf2 Bg6 34. Ne7+ Kf7 35. Nxg6 Kxg6 36. Ke3 Kf5 37. g3 h5 38. h4 g5 39. hxg5 Kxg5 40.
Kxd3 h4 41. gxh4+ Kxh4 1-0

[Event "*** Titled Tuesday Blitz"]
[Site "Chess.com"]
[Date "2020.12.29"]
[Round "4"]
[White "OK97"]
[Black "pastouche06"]
[Result "1-0"]
[WhiteElo "2799"]
[BlackElo "2524"]
[TimeControl "180+1"]
[EndTime "10:38:05 PST"]
[Termination "OK97 won by resignation"]

1. d4 Nf6 2. c4 e6 3. Nc3 Bb4 4. f3 O-O 5. a3 Bxc3+ 6. bxc3 Ne8 7. e4 b6 8. Bd3 Nc6 9. Nh3 Ba6 10. Bg5 f6 11.
Be3 Na5 12. Qe2 d6 13. Nf4 Qd7 14. d5 e5 15. Ne6 Rf7 16. a4 c5 17. f4 exf4 18.
Nxf4 Nc7 19. O-O Re8 20. Rf3 Re5 21. Rh3 Qe8 22. Nh5 Rxe4 23. Bxe4 Qxe4 24. Rg3 Bxc4 25. Qf2 Nxd5 26. Bh6 g6 27. Re1 1-0

[Event "*** Titled Tuesday Blitz"]
[Site "Chess.com"]
[Date "2020.12.29"]
[Round "4"]
[White "Nemsko"]
[Black "TheCairnTerrier"]
[Result "1-0"]
[WhiteElo "2308"]
[BlackElo "2090"]
[TimeControl "180+1"]
[EndTime "10:38:07 PST"]
[Termination "Nemsko won on time"]

1. e4 c5 2. Nf3 e6 3. d4 cxd4 4. Nxd4 Nf6 5. Nc3 d6 6. Be3 Be7 7. Bd3 Nc6 8. O-O O-O 9. Kh1 a6 10. f4 Nxd4 11. Bxd4 b5 12. Qf3 Bb7 13. a3 Rc8 14.
Rae1 Nd7 15. Qh3 Bf6 16. e5 g6 17. exf6 Nxf6 18. Qh6 e5 19. fxe5 Ng4 20. Qh3 dxe5 21.
Bxe5 h5 22. Be4 Bxe4 23. Nxe4 Rxc2 24. Nf6+ Nxf6 25. Bxf6 Qd2 26. Qg3 Rfc8 27. Bc3 Qd5 28.
Re5 Qd6 29. Qf4 1-0

[Event "*** Titled Tuesday Blitz"]
[Site "Chess.com"]
[Date "2020.12.29"]
[Round "4"]
[White "davigator"]
[Black "ChessArchitect64"]
[Result "1-0"]
[WhiteElo "2276"]
[BlackElo "2079"]
[TimeControl "180+1"]
[EndTime "10:38:07 PST"]
[Termination "davigator won on time"]

1. e4 c5 2. Nf3 d6 3. d4 cxd4 4. Nxd4 Nf6 5. Nc3 Nc6 6. Bg5 e6 7. f3 Be7 8. h4 O-O 9. Qd2 a6 10. O-O-O Qc7 11. Kb1 Nxd4 12. Qxd4 e5 13. Qd2 Be6 14. g4 h6 15. Bxf6 Bxf6 16. Qxd6 Qxd6 17. Rxd6 Rfd8 18. Rxd8+ Rxd8 19. Bd3 Be7 20. h5 f6 21.
Rd1 Kf7 22. Nd5 Bc5 23. c3 b5 24. b3 Kf8 25. Nc7 Bc8 26. Be2 Rxd1+ 27. Bxd1 Bd6 28. Nd5 Kf7 29. Kc2 g6 30. hxg6+ Kxg6 31. Be2 Kg5 32. b4 Bb7 33. a4 bxa4 34. Nb6 Kf4 35.
Nc4 Bc7 36. Kd2 Bc6 37. Na3 a5 38. b5 Bb7 39. Nc4 Bd8 40. Kc2 Kg3 41. Kd2 Kf2 42. Bd1 Kg3 43. Ke3 Be7 44. Bxa4 Bc5+ 45. Ke2 1-0

[Event "*** Titled Tuesday Blitz"]
[Site "Chess.com"]
[Date "2020.12.29"]
[Round "4"]
[White "Homino"]
[Black "szabadaba"]
[Result "0-1"]
[WhiteElo "2292"]
[BlackElo "2600"]
[TimeControl "180+1"]
[EndTime "10:38:08 PST"]
[Termination "szabadaba won by resignation"]

1. e4 c6 2. d4 d5 3. Nc3 dxe4 4.
Nxe4 Nd7 5. Nf3 Ngf6 6. Nxf6+ Nxf6 7. Bd3 Bg4 8. c3 e6 9. h3 Bh5 10. Bg5 Bd6 11. Qc2 Bxf3 12. gxf3 h6 13. Bh4 g5 14. Bg3 Nd5 15. O-O-O Bxg3 16. fxg3 Ne3 17. Qe2 Nxd1 18. Rxd1 Qd6 19. Qf2 O-O-O 20. f4 gxf4 21. gxf4 Rhg8 22. Kb1 Kb8 23. Bc2 f5 24. Qh4 Rg6 25. Re1 Rdg8 26. b3 a5 27. Kb2 Ka7 28. a4 Rg2 29. Qxh6 R8g6 30. Qh5 Qxf4 31. Qd1 Rd2 32. Qc1 Rgg2 33.
Kb1 Qh2 34. Rh1 Rxc2 0-1

[Event "*** Titled Tuesday Blitz"]
[Site "Chess.com"]
[Date "2020.12.29"]
[Round "4"]
[White "SHIVACalypso"]
[Black "Kosak12"]
[Result "0-1"]
[WhiteElo "2467"]
[BlackElo "2765"]
[TimeControl "180+1"]
[EndTime "10:38:09 PST"]
[Termination "Kosak12 won by checkmate"]

1. Nf3 Nf6 2. c4 e6 3. g3 b6 4. Bg2 Bb7 5. O-O Be7 6. Nc3 O-O 7. d4 Ne4 8. Qc2 Nxc3 9. Qxc3 f5 10. b3 Bf6 11. Bb2 d6 12. Ne1 Bxg2 13. Nxg2 Nd7 14. Qd2 Qe8 15. f3 Qf7 16. e4 Rae8 17. Rae1 fxe4 18. fxe4 e5 19. d5 Qg6 20. b4 Bg5 21. Qe2 Rxf1+ 22. Rxf1 Rf8 23. Rxf8+ Kxf8 24. Qf3+ Ke7 25. h4 Bh6 26. g4 Bd2 27. a3 Nf6 28. Qd3 Nxe4 29. g5 Qf5 30. Qe2 Bf4 31. a4 Bg3 32. a5 Bf2+ 33. Kh2 Bxh4 34. Nxh4 Qf4+ 35. Kh3 Qg3# 0-1

[Event "*** Titled Tuesday Blitz"]
[Site "Chess.com"]
[Date "2020.12.29"]
[Round "4"]
[White "zverr1"]
[Black "rynos0411"]
[Result "0-1"]
[WhiteElo "2453"]
[BlackElo "2329"]
[TimeControl "180+1"]
[EndTime "10:38:09 PST"]
[Termination "rynos0411 won by resignation"]

1. e4 e5 2. Nf3 Nc6 3. Bc4 Nf6 4. O-O Be7 5. d4 d6 6. Nc3 O-O 7. h3 a6 8. a4 Re8 9. Ng5 Rf8 10. Nf3 Re8 11. Re1 Nd7 12. Bxf7+ Kxf7 13. Ng5+ Bxg5 14.
Qh5+ Kg8 15. Bxg5 Nf6 16. Bxf6 gxf6 17. dxe5 Rxe5 18. Qh6 Qf8 19. Qd2 Be6 20. f4 Rh5 21. Qe2 Rh4 22. Qf2 Qh6 23. Rad1 Rxf4 24. Qg3+ Kh8 25. Nd5 Bxd5 26. Rxd5 Rg8 27. Qc3 Qg6 28.
Re2 Rxe4 29. Rf2 Re5 30. Rd3 d5 31. b4 d4 32. Qd2 Rf5 33. Re2 Ne5 34. Rxe5 fxe5 35.
g4 Rf4 36. Qe2 Qe4 37. Qd2 Rgf8 38. Qd1 Rf2 39. Qf1 Rxf1+ 40. Kh2 Qf4+ 41. Kg2 0-1

[Event "*** Titled Tuesday Blitz"]
[Site "Chess.com"]
[Date "2020.12.29"]
[Round "4"]
[White "Juanovic"]
[Black "Schwindle"]
[Result "0-1"]
[WhiteElo "2021"]
[BlackElo "2254"]
[TimeControl "180+1"]
[EndTime "10:38:10 PST"]
[Termination "Schwindle won by resignation"]

1. e4 c5 2. Nf3 e6 3. d4 cxd4 4.
Nxd4 Nc6 5. Nxc6 bxc6 6. Bd3 d5 7. O-O Nf6 8. Bg5 Be7 9. e5 Nd7 10. Bxe7 Qxe7 11. Re1 O-O 12. c3 c5 13. Nd2 Rd8 14.
Nf3 Nf8 15. a4 Bb7 16. a5 Rab8 17. a6 Bc6 18. Qc2 d4 19. Be4 d3 20. Bxd3 Bxf3 21. gxf3 Qh4 22. Ra4 Qh5 23. Rg4 Rd5 24. Qe2 Rbd8 25. Bc4 Rd2 26. Qe3 Ng6 27. Rg5 Qh4 28. Rg4 Qh3 29. Bf1 Qh5 30. Qxc5 Nh4 31. Bg2 Qf5 32.
Qe3 Ng6 33. Rd4 R2xd4 34. cxd4 Nf4 35. Qe4 Qg5 36. Qxf4 Qxf4 37. Re4 Qc1+ 38. Bf1 f5 39. Kg2 fxe4 0-1

[Event "*** Titled Tuesday Blitz"]
[Site "Chess.com"]
[Date "2020.12.29"]
[Round "4"]
[White "ShimanovAlex"]
[Black "IMDT02"]
[Result "1-0"]
[WhiteElo "2841"]
[BlackElo "2537"]
[TimeControl "180+1"]
[EndTime "10:38:12 PST"]
[Termination "ShimanovAlex won on time"]

1. d4 Nf6 2. c4 e6 3. g3 d5 4.
Bg2 Be7 5. Nf3 O-O 6. Qc2 b6 7.
O-O Bb7 8. Rd1 Nbd7 9. cxd5 exd5 10. Bf4 c5 11. Nc3 a6 12. Ne5 cxd4 13. Rxd4 Bc5 14. Rdd1 Nxe5 15. Bxe5 Bxf2+ 16. Kh1 Ng4 17. Qf5 Bc8 18. Qf4 Be3 19. Bc7 Qd7 20. Rxd5 Bxf4 21.
Rxd7 Bxd7 22. gxf4 Rac8 23. Bxb6 Bc6 24. h3 Bxg2+ 25. Kxg2 Nf6 26. Bd4 Rc4 27. e3 Rd8 28. Kf3 Nd5 29. Rg1 g6 30. h4 h5 31. f5 Kh7 32. Ne4 Rc6 33. Rg5 Re8 34. fxg6+ Rxg6 35.
Rxh5+ 1-0

[Event "*** Titled Tuesday Blitz"]
[Site "Chess.com"]
[Date "2020.12.29"]
[Round "4"]
[White "Jean-Claude_Vandal"]
[Black "BelaKis"]
[Result "1-0"]
[WhiteElo "2408"]
[BlackElo "2143"]
[TimeControl "180+1"]
[EndTime "10:38:12 PST"]
[Termination "Jean-Claude_Vandal won on time"]

1. d4 Nf6 2. c4 g6 3. Nc3 Bg7 4. e4 d6 5. h3 O-O 6. Nf3 a6 7. Be3 Nbd7 8. g4 c5 9. d5 b5 10. cxb5 Qa5 11. Qb3 Ne8 12. Bd2 Nc7 13. Na4 axb5 14. Bxa5 bxa4 15. Qc2 Rxa5 16. Bc4 Nb6 17.
Rd1 Nxc4 18. Qxc4 Bxb2 19. Qc2 a3 20. O-O Ba6 21. Rfe1 f6 22. h4 Rb8 23. Qd2 Rb4 24. Qh6 Nb5 25. h5 g5 26. Nxg5 fxg5 27. Qxg5+ Kf7 28.
Qf5+ Ke8 29. g5 Nd4 30. Qxh7 Nf3+ 31. Kg2 Nxe1+ 32. Rxe1 Bd3 33. g6 Rxe4 34. Rxe4 Bxe4+ 35. f3 Bf5 36. Qf7+ Kd8 37. Qxf5 Ra4 38. h6 Rh4 39. g7 1-0

[Event "*** Titled Tuesday Blitz"]
[Site "Chess.com"]
[Date "2020.12.29"]
[Round "4"]
[White "chessablanca"]
[Black "Koksal06"]
[Result "0-1"]
[WhiteElo "2602"]
[BlackElo "2442"]
[TimeControl "180+1"]
[EndTime "10:38:13 PST"]
[Termination "Koksal06 won by resignation"]

1. d4 c6 2. c4 d5 3. e3 Nf6 4.
Nc3 Bf5 5. Nf3 e6 6. Bd3 Bg6 7. O-O Nbd7 8. Ne5 Nxe5 9. dxe5 Nd7 10. f4 Bb4 11. Ne2 O-O 12. a3 Be7 13. cxd5 cxd5 14. Nd4 Nc5 15. Bxg6 hxg6 16. b4 Ne4 17. Bb2 a5 18. b5 Bc5 19. a4 Qe7 20. Qd3 Bxd4 21. Bxd4 Rfc8 22. Rfc1 Qb4 23. Rc2 g5 24. g3 gxf4 25.
gxf4 Rxc2 26. Qxc2 Qd2 27. Qxd2 Nxd2 28. Rc1 Nc4 29.
Kf2 Rc8 30. Ke2 Kh7 31. Rc2 Kg6 32. Kd3 f6 33. Rg2+ Kf7 34. e4 Rh8 35. exd5 exd5 36. e6+ Kxe6 37. Rxg7 Rh3+ 38. Ke2 Rxh2+ 39. Kf3 Rd2 40. Bc5 Rd3+ 41. Kg4 f5+ 42. Kg5 Rg3+ 43. Kh6 Rxg7 44. Kxg7 Nb2 45. Bb6 Nxa4 46. Bxa5 d4 47.
Kg6 d3 48. Kg5 Nb2 49. Kh4 Nc4 50. Bc3 d2 0-1

[Event "*** Titled Tuesday Blitz"]
[Site "Chess.com"]
[Date "2020.12.29"]
[Round "4"]
[White "Aygehovit1992"]
[Black "PavelChernomordik"]
[Result "1-0"]
[WhiteElo "2599"]
[BlackElo "2292"]
[TimeControl "180+1"]
[EndTime "10:38:13 PST"]
[Termination "Aygehovit1992 won on time"]

1. e4 g6 2. d4 Bg7 3. Nc3 d6 4. f4 a6 5. Nf3 b5 6. Bd3 Nd7 7.
a3 c5 8. Be3 Bb7 9. O-O cxd4 10. Nxd4 Ngf6 11. Qf3 O-O 12. Rae1 Rc8 13. Kh1 Nc5 14.
f5 e5 15. fxe6 fxe6 16. Qh3 Qe7 17. Bg5 e5 18. Nd5 Bxd5 19. exd5 Qd7 20. Ne6 Nxe6 21. dxe6 Qb7 22. Bxf6 Rxf6 23. Rxf6 Bxf6 24. Be4 d5 25. e7 dxe4 26. Qe6+ Kg7 27. e8=Q Rxe8 28. Qxe8 Qd5 29.
Qc8 Qd2 30. Qb7+ Kh6 31. Qxe4 a5 32. Qe3+ Qxe3 33. Rxe3 Kg5 34. Rb3 Kf5 35. Rxb5 a4 36.
b3 axb3 37. cxb3 Ke4 38. a4 Kd4 39. a5 e4 40. Kg1 e3 41. Kf1 Kd3 42. Rd5+ Ke4 43.
Rd7 1-0

[Event "*** Titled Tuesday Blitz"]
[Site "Chess.com"]
[Date "2020.12.29"]
[Round "4"]
[White "juli2512"]
[Black "Xeslu"]
[Result "0-1"]
[WhiteElo "2092"]
[BlackElo "2292"]
[TimeControl "180+1"]
[EndTime "10:38:13 PST"]
[Termination "Xeslu won by resignation"]

1. e4 c5 2. Nf3 Nc6 3. d3 d6 4. g3 g6 5. Bg2 Bg7 6. O-O Nf6 7. Nbd2 O-O 8. Re1 Bg4 9. h3 Bxf3 10.
Nxf3 e5 11. c3 Qb6 12. Qc2 Rac8 13. Be3 Nd4 14. Qd2 Nxf3+ 15. Bxf3 a5 16. Bg2 Nh5 17. Kh2 f5 18. exf5 gxf5 19. f4 exf4 20. gxf4 Kh8 21. Bf3 Nf6 22. Rg1 Rg8 23. Rg2 d5 24. Qf2 d4 25.
cxd4 cxd4 26. Bxd4 Ng4+ 27. hxg4 Bxd4 28. Qh4 fxg4 29. Bxg4 Rcf8 30. Rf1 Qd6 31. Rg3 Rxf4 32. Kg2 Rxf1 33. Kxf1 Qf4+ 34. Kg2 Bf2 35. Be6 Rxg3+ 36.
Qxg3 Qxg3+ 0-1

[Event "*** Titled Tuesday Blitz"]
[Site "Chess.com"]
[Date "2020.12.29"]
[Round "4"]
[White "731291"]
[Black "tylityli"]
[Result "1/2-1/2"]
[WhiteElo "2571"]
[BlackElo "2364"]
[TimeControl "180+1"]
[EndTime "10:38:15 PST"]
[Termination "Game drawn by repetition"]

1. e4 e5 2. Nf3 Nc6 3. Bb5 a6 4. Ba4 Nf6 5. O-O Be7 6. c3 b5 7.
Bc2 d6 8. d3 O-O 9. Re1 Nd7 10.
Nbd2 Bf6 11. Nf1 g6 12. Bh6 Bg7 13. Qd2 Bb7 14. Rad1 Ne7 15. d4 exd4 16. Bxg7 Kxg7 17. Qxd4+ f6 18. Ng5 Nc5 19. b4 Nc6 20. Qe3 fxg5 21.
bxc5 Qf6 22. cxd6 cxd6 23. Bb3 Rae8 24. Bd5 Re7 25. Rd2 Ne5 26. Bxb7 Nc4 27. Qd4 Nxd2 28. Bxa6 Nxf1 29. Kxf1 Qxd4 30. cxd4 Ra7 31. Bxb5 Rxa2 32. Re2 Rxe2 33. Kxe2 Kf6 34. Bc4 Rb8 35. h3 Rb2+ 36. Ke3 h5 37. Bd5 Rc2 38. Kf3 Rc3+ 39. Ke2 Rc2+ 40.
Ke3 Rc3+ 41. Ke2 Rc2+ 42. Ke3 Rc3+ 43. Ke2 1/2-1/2

[Event "*** Titled Tuesday Blitz"]
[Site "Chess.com"]
[Date "2020.12.29"]
[Round "4"]
[White "FMOlexandrProhorov"]
[Black "GMJustin"]
[Result "0-1"]
[WhiteElo "2155"]
[BlackElo "2304"]
[TimeControl "180+1"]
[EndTime "10:38:17 PST"]
[Termination "GMJustin won by resignation"]

1. e4 e5 2. Nf3 Nc6 3. Bb5 a6 4. Bxc6 bxc6 5. O-O d6 6. d4 f6 7. Nc3 Ne7 8. Qe2 Be6 9. Rd1 Qc8 10. dxe5 fxe5 11.
Ng5 g6 12. Be3 Bg7 13. b3 O-O 14. a4 Kh8 15. Nxe6 Qxe6 16. Qc4 Qxc4 17. bxc4 c5 18. Rab1 Rab8 19. Nd5 Nxd5 20. cxd5 Kg8 21. Kf1 Kf7 22. Ke2 Ke7 23. Kd3 Kd7 24. Kc4 Rfe8 25. Rb3 Rxb3 26. Rb1 Rxb1 0-1

[Event "*** Titled Tuesday Blitz"]
[Site "Chess.com"]
[Date "2020.12.29"]
[Round "4"]
[White "area_5"]
[Black "sotochess"]
[Result "0-1"]
[WhiteElo "2764"]
[BlackElo "2532"]
[TimeControl "180+1"]
[EndTime "10:38:18 PST"]
[Termination "sotochess won by resignation"]

1. c4 e5 2. Nc3 Nc6 3. g3 Nf6 4. Bg2 Bc5 5. Nf3 d6 6. O-O O-O 7. a3 a5 8. Rb1 Re8 9. d3 h6 10. Ne1 Bf5 11. Nc2 e4 12. b4 axb4 13. axb4 exd3 14. exd3 Bb6 15. Ne3 Bg6 16. Ncd5 Bd4 17. b5 Na5 18. Nxf6+ Qxf6 19. Nd5 Qd8 20. b6 cxb6 21. Be3 Nc6 22. Rxb6 Rxe3 23. Rxb7 Rxd3 24. Qe2 Rda3 25. Rc7 Ra2 26. Qg4 h5 27. Qd1 Ra1 28.
Qd2 R8a2 29. Qf4 Rxf1+ 30. Bxf1 Rxf2 31. Ne7+ Qxe7 32. Rc8+ Kh7 0-1

[Event "*** Titled Tuesday Blitz"]
[Site "Chess.com"]
[Date "2020.12.29"]
[Round "4"]
[White "Blitzstream"]
[Black "Mikhail_Golubev"]
[Result "1-0"]
[WhiteElo "2716"]
[BlackElo "2499"]
[TimeControl "180+1"]
[EndTime "10:38:18 PST"]
[Termination "Blitzstream won by checkmate"]

1. d4 Nf6 2. Bg5 d5 3. e3 e6 4. Nf3 Be7 5. Ne5 h6 6. Bh4 c5 7. c3 Nc6 8. f4 Nxe5 9. fxe5 Ne4 10. Bxe7 Qxe7 11. Qf3 O-O 12. Bd3 f6 13. O-O fxe5 14.
Qxf8+ Qxf8 15. Rxf8+ Kxf8 16. Bxe4 dxe4 17. dxc5 Bd7 18.
Na3 Rc8 19. b4 b6 20. Nc4 bxc5 21. Nxe5 Be8 22. Rd1 cxb4 23. cxb4 Rc3 24. Kf2 Rc2+ 25. Kg3 Rxa2 26. Rd4 Ra4 27. Kf4 Ke7 28. Rc4 Ra2 29.
g4 Rxh2 30. Rc7+ Kf6 31. Rxa7 Ba4 32. Rf7# 1-0

[Event "*** Titled Tuesday Blitz"]
[Site "Chess.com"]
[Date "2020.12.29"]
[Round "4"]
[White "MacDaddyMac"]
[Black "BikingBrian"]
[Result "1-0"]
[WhiteElo "2490"]
[BlackElo "2265"]
[TimeControl "180+1"]
[EndTime "10:38:18 PST"]
[Termination "MacDaddyMac won by resignation"]

1. e4 c5 2. Nc3 Nc6 3. f4 g6 4. Nf3 Bg7 5. Bb5 Nd4 6. O-O Nxb5 7. Nxb5 d5 8. e5 d4 9. c3 a6 10. Na3 d3 11. Ne1 Nh6 12. Qf3 Bg4 13. Qxb7 O-O 14. h3 Be2 15. Rf2 f6 16. e6 Qd6 17. Qe4 f5 18. Qe3 Rf6 19. Nc4 Qxe6 20. Ne5 Rd8 21. Qxc5 Rff8 22. Qc4 Qxc4 23. Nxc4 Nf7 24. b3 e5 25.
fxe5 Nxe5 26. Nxe5 Bxe5 27. Bb2 Bg3 28. c4 Bxf2+ 29. Kxf2 Rfe8 30. Bf6 Rd6 31. Bg5 Kg7 32. h4 h6 33. Bf4 Rd4 34. g3 Kf6 35. Bxh6 f4 36.
Bxf4 Rxf4+ 37. gxf4 Rh8 38. Ng2 Kf5 39. Kg3 Re8 40. Rc1 Bh5 41. c5 Re2 42. c6 Rxd2 43. c7 Rc2 44. c8=Q+ Rxc8 45. Rxc8 d2 46. Rd8 d1=Q 47.
Ne3+ Ke4 48. Nxd1 Bxd1 49. Rxd1 1-0

[Event "*** Titled Tuesday Blitz"]
[Site "Chess.com"]
[Date "2020.12.29"]
[Round "4"]
[White "rasmussvane"]
[Black "Anna_ChessMate"]
[Result "1/2-1/2"]
[WhiteElo "2874"]
[BlackElo "2559"]
[TimeControl "180+1"]
[EndTime "10:38:19 PST"]
[Termination "Game drawn by repetition"]

1. Nf3 d5 2. g3 Nf6 3. Bg2 g6 4. c4 c6 5. b3 Bg7 6. Bb2 O-O 7. O-O Re8 8. d4 Nbd7 9. Nc3 e6 10. Nd2 b6 11. e4 dxe4 12. Ndxe4 Nxe4 13. Nxe4 Qc7 14. Qc2 Bb7 15. Rad1 Rad8 16. Rfe1 e5 17. dxe5 Nxe5 18. Rxd8 Rxd8 19. Qe2 c5 20. f4 Nd3 21. Bxg7 Kxg7 22.
Rd1 Bxe4 23. Bxe4 Nb4 24. a3 Rxd1+ 25. Qxd1 Nc6 26. Qd5 Nd4 27. b4 h5 28. Kf2 Qe7 29. Qe5+ Qxe5 30. fxe5 Kf8 31. Ke3 Ke7 32. Kf4 Ne6+ 33.
Ke3 Nd4 34. b5 g5 35. a4 Ke6 36. Bd5+ Kxe5 37. Bxf7 h4 38. gxh4 gxh4 39. Bd5 Kf5 40. Bb7 Ke5 41. Bd5 Kf5 42. Bb7 Ke5 43. Bd5 1/2-1/2

[Event "*** Titled Tuesday Blitz"]
[Site "Chess.com"]
[Date "2020.12.29"]
[Round "4"]
[White "Parhamov"]
[Black "PabloZarnicki"]
[Result "1-0"]
[WhiteElo "2942"]
[BlackElo "2562"]
[TimeControl "180+1"]
[EndTime "10:38:20 PST"]
[Termination "Parhamov won on time"]

1. d4 Nf6 2. c4 e6 3. g3 d5 4. Bg2 Be7 5. Nf3 O-O 6. O-O dxc4 7. a4 c5 8. dxc5 Bxc5 9. Nbd2 c3 10. bxc3 Nc6 11. Nb3 Be7 12. Nfd4 Bd7 13. a5 Nxd4 14. cxd4 Bc6 15. Bxc6 bxc6 16. Ba3 Rb8 17. Qc2 Bxa3 18. Rxa3 Qd6 19. Ra4 e5 20. dxe5 Qxe5 21. Nd4 Rfc8 22. Nxc6 Qe6 23. Rc4 Kh8 24. Rc1 Rb7 25. Nd4 Qxc4 26. Qxc4 Rxc4 27. Rxc4 g6 28. a6 Rd7 29. Nb5 Kg7 30. e4 Rd1+ 31. Kg2 Ra1 32. Rc6 Nxe4 33. Nxa7 Ra2 34. Nb5 Rxf2+ 35. Kg1 Ra2 36. a7 Ng5 37. Rc3 Ne6 38. Rc8 Ra1+ 39. Kf2 Ra2+ 40. Ke1 1-0

[Event "*** Titled Tuesday Blitz"]
[Site "Chess.com"]
[Date "2020.12.29"]
[Round "4"]
[White "Iball95"]
[Black "Training_Day"]
[Result "1-0"]
[WhiteElo "2615"]
[BlackElo "2387"]
[TimeControl "180+1"]
[EndTime "10:38:20 PST"]
[Termination "Iball95 won on time"]

1. e4 e5 2. Nf3 Nc6 3. Bc4 Bc5 4. c3 Nf6 5. d4 exd4 6. b4 Bb6 7. e5 d5 8. exf6 dxc4 9. Qe2+ Be6 10. b5 O-O 11.
bxc6 d3 12. Qe4 Re8 13. O-O Bd5 14. Qg4 Qxf6 15. cxb7 Bxb7 16. Nbd2 Qxc3 17. Rb1 Bd5 18. Bb2 f5 19. Qg3 f4 20. Qg4 Qxb2 21. Rxb2 c3 22.
Rb5 c6 23. Rxd5 cxd5 24. Qxf4 cxd2 25. Qxd2 Rac8 26. Qxd3 Kh8 27. Qxd5 Rc2 28. Ng5 1-0

[Event "*** Titled Tuesday Blitz"]
[Site "Chess.com"]
[Date "2020.12.29"]
[Round "4"]
[White "MashaFromRussia"]
[Black "lacafi"]
[Result "1-0"]
[WhiteElo "2402"]
[BlackElo "2120"]
[TimeControl "180+1"]
[EndTime "10:38:20 PST"]
[Termination "MashaFromRussia won on time"]

1. d4 f5 2. c4 Nf6 3. Nf3 g6 4. g3 Bg7 5. Bg2 O-O 6. O-O d6 7. Nc3 Nc6 8. d5 Na5 9. Qd3 c5 10. e4 fxe4 11. Nxe4 Bf5 12. Nxf6+ Bxf6 13. Qe2 a6 14. Bh6 Re8 15. h3 Rb8 16. g4 Bd7 17. Ng5 b5 18. Ne6 Qb6 19. g5 Bh8 20. h4 bxc4 21.
Rab1 Nb7 22. h5 Nd8 23. Bh3 Nf7 24. hxg6 hxg6 25. Qc2 Kh7 26. Bf5 Ne5 27. f4 gxf5 28.
Qxf5+ Kg8 29. fxe5 dxe5 30. Qg6+ 1-0

[Event "*** Titled Tuesday Blitz"]
[Site "Chess.com"]
[Date "2020.12.29"]
[Round "4"]
[White "VladimirBugayev"]
[Black "HouseOfDurin"]
[Result "1-0"]
[WhiteElo "2288"]
[BlackElo "2091"]
[TimeControl "180+1"]
[EndTime "10:38:20 PST"]
[Termination "VladimirBugayev won on time"]

1. e4 c5 2. a3 a5 3. Nc3 Nc6 4. Bc4 e5 5. d3 g6 6. Nge2 Bg7 7. h4 h6 8. h5 g5 9. Ng3 Nge7 10. Nf1 d6 11. g4 Be6 12. Ne3 Bxc4 13. dxc4 O-O 14. Ncd5 Nxd5 15. cxd5 Nd4 16. a4 Qf6 17. Rh3 c4 18. Nxc4 Rfc8 19. b3 b5 20. axb5 Nxb5 21. Nb6 Rc3 22. Rxc3 Nxc3 23. Qd3 Rb8 24. Nd7 Qd8 25.
Nxb8 Qxb8 26. Qxc3 Qb6 27. Be3 Qd8 28. Qxa5 Qf6 29. Ke2 Qe7 30. Qa8+ 1-0